 Dungeon Crawl Stone Soup version 0.31-a0-803-g95b03c3367 (webtiles) character file.

Game seed: 9356450975670882242

179 Newt the Trooper (level 5, -2/44 HPs)
             Began as a Demonspawn Gladiator on Sept 20, 2023.
             Killed from afar by Sigmund (6 damage)
             ... with a puff of flame
             ... on level 3 of the Dungeon.
             The game lasted 00:02:50 (2542 turns).

Newt the Trooper (Demonspawn Gladiator)             Turns: 2542, Time: 00:02:50

Health: -2/44      AC:  5    Str: 16    XL:     5   Next: 33%
Magic:  5/5        EV: 12    Int: 10    God:
Gold:   141        SH:  0    Dex: 14    Spells: 4/4 levels left

rFire   . . .        a - +0 rapier
rCold   . . .        (no shield)
rNeg    . . .        b - +0 leather armour
rPois   .            (helmet restricted)
rElec   .            l - scarf {repulsion}
rCorr   .            (no gloves)
SInv    .            (no boots)
Will    .....        (no amulet)
Stlth   +            (no ring)
HPRegen 0.27/turn    (no ring)
MPRegen 0.09/turn

%: repel missiles
@: on berserk cooldown, slowed, very slow
A: antennae 1, thin metallic scales 1, demonic guardian 1
a: no special abilities


You were on level 3 of the Dungeon.
You visited 1 branch of the dungeon, and saw 3 of its levels.

You collected 141 gold pieces.

Inventory:

Hand Weapons
 a - a +0 rapier (weapon)
Missiles
 e - 3 javelins
 m - 2 atropa-tipped darts
 s - 9 boomerangs (quivered)
Armour
 b - a +0 leather armour (worn)
 c - a +0 helmet
 l - a scarf of repulsion (worn)
 v - a +0 cloak
Scrolls
 f - a scroll of fear {unknown}
 h - a scroll of amnesia
 j - 2 scrolls of enchant weapon
 n - a scroll of noise {unknown}
 o - a scroll of immolation
 q - 2 scrolls of teleportation {unknown}
 r - a scroll of poison {unknown}
 t - a scroll of acquirement {unknown}
Potions
 i - a potion of enlightenment
 k - a potion of lignification {unknown}
 p - a potion of heal wounds {unknown}
 u - 2 potions of brilliance {unknown}


   Skills:
 - Level 5.0 Fighting
 - Level 2.6 Short Blades
 + Level 2.9 Throwing
 - Level 2.6 Dodging


You had 4 spell levels left.
You didn't know any spells.
Your spell library contained the following spells:

 Spells                   Type           Power      Damage    Failure   Level
 Dazzling Flash           Conj/Hex       0%         N/A       80%         3
 Agony                    Necr           0%         N/A       100%        5
 Silence                  Hex/Air        0%         N/A       100%        5


Dungeon Overview and Level Annotations

Branches:
Dungeon (3/15)

Altars:

Annotations:
D:3 Sigmund


Innate Abilities, Weirdness & Mutations

You have a pair of small antennae on your head.
You are partially covered in thin metallic scales. (AC +2)
A weak demonic guardian rushes to your aid.


Message History

Sigmund appears confused.
Sigmund is moderately wounded.
The goblin barely misses you. Sigmund closely misses you.
Sigmund hits himself with a +0 scythe!
Unknown command.
You hit Sigmund.
Sigmund is severely wounded.
Sigmund seems less confused.
The goblin barely misses you. The goblin hits you with a +0 dagger.
You barely miss Sigmund.
Sigmund is severely wounded.
The goblin hits you with a +0 dagger. Sigmund barely misses you.
The goblin hits you but does no damage.
You hit Sigmund but do no damage.
Sigmund is severely wounded.
Sigmund is no longer blind.
Sigmund barely misses you. The goblin closely misses you.
You hit Sigmund.
Sigmund is almost dead.
The goblin hits you but does no damage.
Sigmund mumbles some strange words.
Sigmund flickers and vanishes!
Deactivating autopickup; reactivate with Ctrl-A.
The goblin hits you with a +0 dagger. Something hits you.
* * * LOW HITPOINT WARNING * * *
A demonic guardian appears!
Unknown command.
The goblin attacks as it pursues you! The goblin barely misses you.
Something barely misses you. The goblin hits you but does no damage.
Unknown command.
You puncture the goblin!
You kill the goblin!
Something hits you!
* * * LOW HITPOINT WARNING * * *
A demonic guardian appears!
Unknown command.
A puff of flame appears from out of thin air!
The puff of flame hits you.
You die...

#...#.#...###...#.#
.#...#...#...#....#
.#.. ..#.....#.#.#
#........#.#
..#.....#...#
.#...#...#...#..###
#...#.#...###...#
..#...#..#..#5.#
#.....###..@#.#
#.....#..#.5..#
#.....#..)#...#
#...#.#{.....#
...#.#..(#.....#
..........!.....#
.......(.....(###
###############


You could see a friendly white imp (summoned) and a friendly ufetubus
(summoned).

Vanquished Creatures
  An orc priest (D:3)
  Crazy Yiuf (D:2)
  An orc wizard (D:2)
  4 worms (D:2)
  A dart slug (D:1)
  11 orcs
  7 ball pythons
  5 bats
  2 endoplasms
  2 giant cockroaches (D:1)
  5 goblins
  4 hobgoblins
  4 jackals (D:2)
  2 quokkas (D:1)
  4 kobolds
  4 rats
58 creatures vanquished.

Vanquished Creatures (collateral kills)
  An orc (D:3)
  An endoplasm (D:2)
  3 jackals (D:2)
5 creatures vanquished.

Grand Total: 63 creatures vanquished

Notes
Turn   | Place    | Note
-------+----------+-------------------------------------------
     0 | D:1      | Newt the Demonspawn Gladiator began the quest for the Orb.
     0 | D:1      | Reached XP level 1. HP: 16/16 MP: 1/1
    85 | D:1      | Gained mutation: You are partially covered in thin metallic
                  | scales. (AC +2) [demonic ancestry]
    85 | D:1      | Reached XP level 2. HP: 23/23 MP: 2/2
   122 | D:1      | Reached skill level 3 in Fighting
   337 | D:1      | Gained mutation: A weak demonic guardian rushes to your
                  | aid. [demonic ancestry]
   337 | D:1      | Reached XP level 3. HP: 24/29 MP: 3/3
  1395 | D:2      | Found a faded altar of an unknown god.
  1406 | D:2      | Reached skill level 4 in Fighting
  1756 | D:2      | Found a runed translucent door.
  1757 | D:2      | Noticed Crazy Yiuf
  1846 | D:2      | Killed Crazy Yiuf
  1847 | D:2      | Gained mutation: You have a pair of small antennae on your
                  | head. [demonic ancestry]
  1847 | D:2      | Reached XP level 4. HP: 38/38 MP: 4/4
  2160 | D:2      | Reached skill level 5 in Fighting
  2257 | D:3      | Reached XP level 5. HP: 44/44 MP: 5/5
  2515 | D:3      | Noticed Sigmund
  2542 | D:3      | Killed from afar by Sigmund

Illustrated notes

Levels and vault maps discovered:
D:1:      giann_wishing_wells, layout_loops_ring, minmay_hedge_maze
D:2:      layout_rooms, hellmonk_ecumenical_altar_blasted,
          uniq_crazy_yiuf_cottage
D:3:      layout_rooms, minmay_splitting_lines, minmay_misc_feat_plants,
          kennysheep_generic_room_16, uniq_sigmund

Skill      XL: |  1  2  3  4 |
---------------+-------------+-----
Fighting       | 3 4 5 |  5.0
Throwing       | 2 |  2.9
Short Blades   | |  2.6
Dodging        | |  2.6

Action                     |  1- 3 |  4- 6 || total
---------------------------+-------+-------++-------
  Melee: Rapier            |   196 |    51 ||   247
         Punch             |     2 |     1 ||     3
  Throw: Throwing net      |     2 |     2 ||     4
         Boomerang         |       |    11 ||    11
         Dart              |       |     1 ||     1
    Use: Scroll            |     4 |       ||     4
         Potion            |       |     2 ||     2
   Stab: Held in net/web   |     1 |       ||     1
 Armour: Leather armour    |   138 |    61 ||   199
  Dodge: Dodged            |   137 |    53 ||   190
         Repelled          |       |     1 ||     1

Table legend: (Time is in decaauts)
 A = Elapsed time spent in this place.
 B = Non-inter-level travel time spent in this place.
 C = Inter-level travel time spent in this place.
 D = Time resting spent in this place.
 E = Time spent auto-exploring this place.
 F = Levels seen in this place.
 G = Mean time per level.
                   A        B        C        D        E       F      G
               +--------+--------+--------+--------+--------+-----+--------+
         Total |   2582 |   2376 |    206 |    813 |   1074 |   3 |  860.7 |
       Dungeon |   2582 |   2376 |    206 |    813 |   1074 |   3 |  860.7 |
               +--------+--------+--------+--------+--------+-----+--------+

Top non-repeatable levels by time:
     D:2: 1263 daAuts
     D:1: 999 daAuts
     D:3: 320 daAuts
